 Dungeon Crawl Stone Soup version 0.26-a0-611-g354ed81502 (webtiles) character file.

Game seed: 11888311932070271130

12919 Mitsuki the Nimble (level 12, -10/91 HPs)
             Began as a Gnoll Arcane Marksman on Sept 6, 2020.
             Was a High Priest of Okawaru.
             Mangled by a shadow (20 damage)
             ... on level 11 of the Dungeon on Sept 7, 2020.
             The game lasted 00:43:14 (13466 turns).

Mitsuki the Nimble (Gnoll Arcane Marksman)         Turns: 13466, Time: 00:43:14

Health: -10/91     AC: 12    Str: 21    XL:     12   Next: 0%
Magic:  23/23      EV: 19    Int: 12    God:    Okawaru [*****.]
Gold:   619        SH: 11    Dex: 20    Spells: 15/25 levels left

rFire    + . .     SeeInvis .   b - +8 hand axe of Resourcefulness {flame, rC+ MR- Str+8 Int-4}
rCold    + . .     Faith    .   w - +0 buckler
rNeg     . . .     Spirit   .   H - +0 steam dragon scales
rPois    +         Reflect  +   z - +0 helmet
rElec    .         Harm     .   (no cloak)
rCorr    .                      K - +2 pair of gloves
MR       .....                  M - +0 pair of boots
Stlth    ++++......             t - amulet of reflection
HPRegen  0.25/turn              y - ring of poison resistance
MPRegen  0.18/turn              O - ring of protection from fire

@: no status effects
A: distributed training, fangs 1, strong nose
a: Heroism, Finesse, Renounce Religion


You were on level 11 of the Dungeon.
You worshipped Okawaru.
Okawaru was extremely pleased with you.
You visited 1 branch of the dungeon, and saw 11 of its levels.

You collected 619 gold pieces.

Inventory:

Hand Weapons
 a - a +0 hand crossbow
 b - the +8 hand axe of Resourcefulness (weapon) {flame, rC+ MR- Str+8 Int-4}
   (You found it on level 6 of the Dungeon)

   It has been specially enchanted to burn those struck by it, causing extra
   injury to most foes and up to half again as much damage against particularly
   susceptible opponents.
   Big, fiery blades are also staple armaments of hydra-hunters.
   It affects your strength (+8).
   It affects your intelligence (-4).
   It protects you from cold.
   It affects your resistance to hostile enchantments.
Missiles
 d - 40 bolts
Armour
 w - a +0 buckler (worn)
 z - a +0 helmet (worn)
 H - +0 steam dragon scales (worn)
 K - a +2 pair of gloves (worn)
 M - a +0 pair of boots (worn)
Magical Staves
 D - an uncursed staff of earth
Jewellery
 t - an amulet of reflection (around neck)
 y - a ring of poison resistance (left hand)
 O - a ring of protection from fire (right hand)
Wands
 k - a wand of paralysis (7)
 p - a wand of polymorph (15)
 x - a wand of acid (6)
 C - a wand of enslavement (10)
 E - a wand of disintegration (8)
Scrolls
 f - 4 scrolls of remove curse
 h - a scroll of amnesia {unknown}
 i - 4 scrolls of fear
 j - a scroll of random uselessness {unknown}
 l - 8 scrolls of teleportation
 o - 3 scrolls of blinking {unknown}
 q - 2 scrolls of enchant armour {unknown}
 s - a scroll of fog {unknown}
 u - 5 scrolls of magic mapping {unknown}
 v - 3 scrolls of immolation {unknown}
 B - 3 scrolls of enchant weapon {unknown}
 I - a scroll of vulnerability {unknown}
 J - 4 scrolls of identify
Potions
 c - 2 potions of lignification
 e - a potion of ambrosia {unknown}
 g - 3 potions of brilliance
 m - 5 potions of flight
 n - a potion of haste
 r - a potion of heal wounds {unknown}
 A - 2 potions of stabbing
 N - a potion of resistance {unknown}
Miscellaneous
 L - a box of beasts (3/3)


   Skills:
 + Level 7.3 Fighting
 + Level 6.8 Short Blades
 + Level 6.8 Long Blades
 + Level 6.8 Axes
 + Level 6.8 Maces & Flails
 + Level 6.8 Polearms
 + Level 6.8 Staves
 + Level 6.8 Slings
 + Level 6.8 Bows
 + Level 8.3 Crossbows
 + Level 6.8 Throwing
 + Level 6.8 Armour
 + Level 8.3 Dodging
 + Level 6.8 Stealth
 + Level 6.8 Shields
 + Level 6.8 Unarmed Combat
 + Level 7.4 Spellcasting
 + Level 5.6 Conjurations
 + Level 8.0 Hexes
 + Level 5.6 Summonings
 + Level 5.6 Necromancy
 + Level 5.6 Translocations
 + Level 5.6 Transmutations
 + Level 5.6 Fire Magic
 + Level 5.6 Ice Magic
 + Level 5.6 Air Magic
 + Level 5.6 Earth Magic
 + Level 5.6 Poison Magic
 + Level 7.5 Invocations
 + Level 6.8 Evocations


You had 15 spell levels left.
You knew the following spells:

 Your Spells              Type           Power        Failure   Level
b - Slow                  Hex            ###.....     1%          2
c - Corona                Hex            ###....      1%          1
d - Portal Projectile     Hex/Tloc       ###...       2%          3
e - Leda's Liquefaction   Hex/Erth       ###.......   10%         4

Your spell library contained the following spells:

 Spells                   Type           Power        Failure   Level
 Summon Small Mammal      Summ           ###.         1%          1
 Ensorcelled Hibernation  Hex/Ice        ###...       1%          2
 Confusing Touch          Hex            ###.....     1%          3
 Tukima's Dance           Hex            ###.....     1%          3
 Call Imp                 Summ           ###.....     2%          2
 Dazzling Flash           Conj/Hex       ###...       2%          3
 Inner Flame              Hex/Fire       ###.....     2%          3
 Summon Guardian Golem    Hex/Summ       ###.....     2%          3
 Call Canine Familiar     Summ           ###.....     4%          3
 Cause Fear               Hex            ###.......   6%          4
 Summon Ice Beast         Ice/Summ       ###.....     16%         4
 Summon Lightning Spire   Summ/Air       ###.....     16%         4


Dungeon Overview and Level Annotations

Branches:
Dungeon (11/15)            Temple (0/1) D:5             Orc (0/2) D:10
   Lair: D:8-11

Altars:
Ashenzari
Cheibriados
Dithmenos
Fedhas
Kikubaaqudgha
Nemelex Xobeh
Okawaru
Qazlal
Ru
Sif Muna
Wu Jian
Xom
Yredelemnul

Shops:
D:5 *   D:6 !:   D:10 *

Annotations:
D:5 Eustachio


Innate Abilities, Weirdness & Mutations

Your experience applies equally to all skills.
You have very sharp teeth.
Your uncanny sense of smell can sniff out nearby items.


Message History

You feel less confused.
The shadow strikes at you from the darkness!
* * * LOW HITPOINT WARNING * * *
Reactivating autopickup.
Something closely misses you. Something hits you!
* * * LOW HITPOINT WARNING * * *
Deactivating autopickup; reactivate with Ctrl-A.
The shadow slips into darkness.
The shadow flickers and vanishes!
You take 30 damage, and have 17/91 hp.
MASSIVE DAMAGE!!
Something hits you but does no damage. Something closely misses you.
Something barely misses you. You block something's attack. Something hits you!
* * * LOW HITPOINT WARNING * * *
You take 7 damage, and have 10/91 hp.
Something completely misses you.
The shadow strikes at you from the darkness!
You die...

#. #.......# .. ..# #.......#
.# ..# ..#.# #.......# .##
##... #.#.# #.......# ..#
.#.....#.#.# #.......# ..#
..#...#.#.# #.......#####..###.
##...+#.#.###.................#
#.......................(.....#
#.........##..@.K.......†.(...#
##^.......##.######[..........#
# #.......####.# #######......
#.#....#### #.# ##..## #.#....#
#.# #... #.....#######.# .##
##...##.....#.# .
##..##.....#.# ∆∆∆∆∆∆ #
##.##.....#.#


You could see a kobold.

Vanquished Creatures
  A death knight (D:10)
  4 two-headed ogres
  A phantasmal warrior (D:10)
  Pikel (D:8)
  A gargoyle (D:10)
  Maggie (D:7)
  3 freezing wraiths (D:10)
  A hornet (D:11)
  A hippogriff (D:9)
  A wraith (D:10)
  A vampire (D:11)
  10 yaks (D:10)
  2 water moccasins
  3 sky beasts
  An ice beast (D:5)
  2 necrophages
  5 orc warriors
  A phantom (D:6)
  An eye of draining (D:11)
  4 centaurs
  9 ogres
  2 big kobolds (D:8)
  A gnoll sergeant (D:9)
  Blork the orc (D:6)
  8 bullfrogs
  6 killer bees (D:10)
  8 wights
  2 howler monkeys
  3 quasits
  2 bullfrog zombies
  2 jellies
  3 gnoll shamans (D:8)
  2 bullfrog skeletons (D:7)
  2 hounds
  7 iguanas
  2 orc wizards (D:5)
  2 centaur skeletons
  Jessica (D:2)
  5 worker ants
  2 hound skeletons
  A howler monkey zombie (D:8)
  A worker ant zombie (D:5)
  8 adders
  16 gnolls
  2 shadow imps
  5 white imps
  4 ufetubi
  2 adder zombies
  An adder skeleton (D:7)
  3 worms
  8 leopard geckos
  28 orcs
  5 goblins
  7 hobgoblins
  13 jackals
  6 kobolds
  5 quokkas
  A ball python (D:5)
  9 bats
  3 frilled lizards (D:1)
  2 leopard gecko skeletons
  9 rats
254 creatures vanquished.

Vanquished Creatures (others)
  6 fungi (D:8)
  7 plants (D:8)
13 creatures vanquished.

Grand Total: 267 creatures vanquished

Notes
Turn   | Place    | Note
-------+----------+-------------------------------------------
     0 | D:1      | Mitsuki the Gnoll Arcane Marksman began the quest for the
                  | Orb.
     0 | D:1      | Reached XP level 1. HP: 17/17 MP: 4/4
   136 | D:1      | Reached XP level 2. HP: 23/23 MP: 5/5
   677 | D:2      | Reached XP level 3. HP: 28/28 MP: 7/7
   734 | D:2      | Noticed Jessica
   738 | D:2      | Killed Jessica
   738 | D:2      | Reached skill level 1 in Short Blades
   738 | D:2      | Reached skill level 1 in Long Blades
   738 | D:2      | Reached skill level 1 in Axes
   738 | D:2      | Reached skill level 1 in Maces & Flails
   738 | D:2      | Reached skill level 1 in Polearms
   738 | D:2      | Reached skill level 1 in Staves
   738 | D:2      | Reached skill level 1 in Slings
   738 | D:2      | Reached skill level 1 in Bows
   738 | D:2      | Reached skill level 1 in Throwing
   738 | D:2      | Reached skill level 1 in Armour
   738 | D:2      | Reached skill level 1 in Stealth
   738 | D:2      | Reached skill level 1 in Shields
   738 | D:2      | Reached skill level 1 in Unarmed Combat
   738 | D:2      | Reached skill level 1 in Invocations
   738 | D:2      | Reached skill level 1 in Evocations
   738 | D:2      | Reached XP level 4. HP: 23/34 MP: 8/8
  1232 | D:3      | Found a shimmering altar of Xom.
  1233 | D:3      | Found a shimmering altar of Xom.
  1249 | D:3      | Found a shimmering altar of Xom.
  1249 | D:3      | Found a shimmering altar of Xom.
  1273 | D:3      | Found a sacrificial altar of Ru.
  1281 | D:3      | Found a shimmering altar of Xom.
  1287 | D:3      | Found a shimmering altar of Xom.
  1298 | D:3      | Found a shimmering altar of Xom.
  1335 | D:3      | Reached skill level 1 in Conjurations
  1335 | D:3      | Reached skill level 1 in Summonings
  1335 | D:3      | Reached skill level 1 in Necromancy
  1335 | D:3      | Reached skill level 1 in Translocations
  1335 | D:3      | Reached skill level 1 in Transmutations
  1335 | D:3      | Reached skill level 1 in Fire Magic
  1335 | D:3      | Reached skill level 1 in Ice Magic
  1335 | D:3      | Reached skill level 1 in Air Magic
  1335 | D:3      | Reached skill level 1 in Earth Magic
  1335 | D:3      | Reached skill level 1 in Poison Magic
  1732 | D:3      | Found a shimmering blue altar of Sif Muna.
  1768 | D:3      | Reached XP level 5. HP: 40/40 MP: 9/9
  2314 | D:4      | Found a sparkling altar of Nemelex Xobeh.
  2316 | D:4      | Found a snail-covered altar of Cheibriados.
  2316 | D:4      | Found an iron altar of Okawaru.
  2319 | D:4      | Found a shattered altar of Ashenzari.
  2320 | D:4      | Found a blossoming altar of Fedhas.
  2325 | D:4      | Became a worshipper of Warmaster Okawaru
  2543 | D:4      | Noticed an ogre
  2548 | D:4      | Learned a level 2 spell: Slow
  2557 | D:4      | Killed an ogre
  2557 | D:4      | Reached XP level 6. HP: 47/47 MP: 2/10
  2960 | D:4      | Reached skill level 5 in Crossbows
  2960 | D:4      | Reached skill level 5 in Dodging
  3036 | D:5      | Entered Level 5 of the Dungeon
  3036 | D:5      | Noticed an ice beast
  3098 | D:5      | Killed an ice beast
  3456 | D:5      | Found a staircase to the Ecumenical Temple.
  3515 | D:5      | Noticed Eustachio
  3555 | D:5      | Reached XP level 7. HP: 50/52 MP: 12/12
  3880 | D:5      | Found Necumiub's Assorted Antiques.
  3942 | D:5      | Found a basalt altar of Yredelemnul.
  4807 | D:6      | Got an ivory hand axe
  4808 | D:6      | Identified the +8 hand axe of Resourcefulness {flame, rC+
                  | MR- Str+8 Int-4} (You found it on level 6 of the Dungeon)
  5075 | D:6      | Noticed a two-headed ogre
  5160 | D:6      | Killed a two-headed ogre
  5160 | D:6      | Reached * piety under Okawaru
  5160 | D:6      | Reached ** piety under Okawaru
  5160 | D:6      | Reached XP level 8. HP: 32/61 MP: 7/14
  5328 | D:6      | Found Apsown's Book Emporium.
  5350 | D:6      | Reached *** piety under Okawaru
  5668 | D:6      | Reached XP level 9. HP: 56/66 MP: 16/16
  5840 | D:6      | Found a shadowy altar of Dithmenos.
  6069 | D:6      | Found Dahosug's Distillery.
  6155 | D:6      | Noticed Blork the orc
  6181 | D:6      | Killed Blork the orc
  6632 | D:6      | Reached skill level 5 in Spellcasting
  7038 | D:7      | Reached skill level 5 in Fighting
  7343 | D:7      | Noticed Maggie
  7367 | D:7      | Killed Maggie
  7367 | D:7      | Reached **** piety under Okawaru
  7367 | D:7      | Reached skill level 5 in Invocations
  7783 | D:7      | Received a gift from Okawaru
  8268 | D:8      | Found a blossoming altar of Fedhas.
  8278 | D:8      | Reached XP level 10. HP: 74/74 MP: 18/18
  8650 | D:8      | Reached skill level 5 in Short Blades
  8650 | D:8      | Reached skill level 5 in Long Blades
  8650 | D:8      | Reached skill level 5 in Axes
  8650 | D:8      | Reached skill level 5 in Maces & Flails
  8650 | D:8      | Reached skill level 5 in Polearms
  8650 | D:8      | Reached skill level 5 in Staves
  8650 | D:8      | Reached skill level 5 in Slings
  8650 | D:8      | Reached skill level 5 in Bows
  8650 | D:8      | Reached skill level 5 in Throwing
  8650 | D:8      | Reached skill level 5 in Armour
  8650 | D:8      | Reached skill level 5 in Stealth
  8650 | D:8      | Reached skill level 5 in Shields
  8650 | D:8      | Reached skill level 5 in Unarmed Combat
  8650 | D:8      | Reached skill level 5 in Evocations
  9342 | D:8      | Reached ***** piety under Okawaru
  9658 | D:8      | Noticed Pikel
  9664 | D:8      | Killed Pikel
  9664 | D:8      | Received a gift from Okawaru
 10069 | D:9      | Received a gift from Okawaru
 10095 | D:9      | Learned a level 3 spell: Portal Projectile
 10359 | D:9      | Found a stormy altar of Qazlal.
 10548 | D:9      | Found an ornate altar of the Wu Jian Council.
 10552 | D:9      | Found an ancient bone altar of Kikubaaqudgha.
 10632 | D:10     | Entered Level 10 of the Dungeon
 10632 | D:10     | Noticed a two-headed ogre
 11034 | D:10     | Found Mavoucocs's General Store.
 11048 | D:10     | Found a staircase to the Orcish Mines.
 11064 | D:10     | Reached XP level 11. HP: 83/83 MP: 18/20
 11106 | D:10     | Learned a level 4 spell: Leda's Liquefaction
 11136 | D:10     | Noticed a two-headed ogre
 11151 | D:10     | Killed a two-headed ogre
 11151 | D:10     | Reached skill level 5 in Conjurations
 11151 | D:10     | Reached skill level 5 in Summonings
 11151 | D:10     | Reached skill level 5 in Necromancy
 11151 | D:10     | Reached skill level 5 in Translocations
 11151 | D:10     | Reached skill level 5 in Transmutations
 11151 | D:10     | Reached skill level 5 in Fire Magic
 11151 | D:10     | Reached skill level 5 in Ice Magic
 11151 | D:10     | Reached skill level 5 in Air Magic
 11151 | D:10     | Reached skill level 5 in Earth Magic
 11151 | D:10     | Reached skill level 5 in Poison Magic
 11390 | D:10     | Noticed a death knight
 11390 | D:10     | Noticed a phantasmal warrior
 11503 | D:10     | Killed a phantasmal warrior
 11801 | D:10     | Noticed a two-headed ogre
 11809 | D:10     | Killed a two-headed ogre
 11965 | D:10     | Received a gift from Okawaru
 12538 | D:10     | Killed a death knight
 13123 | D:10     | Killed a two-headed ogre
 13452 | D:11     | Reached XP level 12. HP: 65/91 MP: 23/23
 13466 | D:11     | Mangled by a shadow

Illustrated notes

Levels and vault maps discovered:
D:1:      eino_arrival_druids_welcome, layout_loops_ring
D:2:      layout_rooms, minmay_pentomino_q2, uniq_jessica
D:3:      layout_loops_corners, nicolae_xom_altar_mimics,
          overflow_temple_1_default, old_standard_altar, kennysheep_small_spiral
D:4:      layout_loops_ring, grunt_temple_overflow_open
D:5:      layout_gridville, nicolae_overflow_crystal_walls,
          minmay_temple_entry_grid, serial_shops, nicolae_shop_behind_doors,
          uniq_eustachio
D:6:      layout_basic, nicolae_dithmenos_through_a_glass_darkly, serial_shops,
          shop, nicolae_shop_behind_doors, minmay_microvault, uniq_blork_the_orc
D:7:      layout_basic, uniq_maggie
D:8:      kennysheep_seaside_town, layout_basic, fedhas_altar_2, uniq_pikel
D:9:      layout_basic, nicolae_qazlal_general_emergency, minitemple,
          hangedman_decor_peaks_small
D:10:     layout_basic, serial_shops, nicolae_shop_trees
D:11:     minmay_chambers_of_sixes, layout_basic, dpeg_oklobed_lair,
          serial_shops, shop, minmay_diamond_spiral

Skill      XL: |  1  2  3  4  5  6  7  8  9 10 11 |
---------------+----------------------------------+-----
Short Blades   | 1 2 3 4 5 6 |  6.8
Long Blades    | 1 2 3 4 5 6 |  6.8
Axes           | 1 2 3 4 5 6 |  6.8
Maces & Flails | 1 2 3 4 5 6 |  6.8
Polearms       | 1 2 3 4 5 6 |  6.8
Staves         | 1 2 3 4 5 6 |  6.8
Slings         | 1 2 3 4 5 6 |  6.8
Bows           | 1 2 3 4 5 6 |  6.8
Throwing       | 1 2 3 4 5 6 |  6.8
Armour         | 1 2 3 4 5 6 |  6.8
Stealth        | 1 2 3 4 5 6 |  6.8
Shields        | 1 2 3 4 5 6 |  6.8
Unarmed Combat | 1 2 3 4 5 6 |  6.8
Invocations    | 1 2 3 4 5 6 7 |  7.5
Evocations     | 1 2 3 4 5 6 |  6.8
Spellcasting   | 3 4 5 6 7 |  7.4
Conjurations   | 1 2 3 4 5 |  5.6
Summonings     | 1 2 3 4 5 |  5.6
Necromancy     | 1 2 3 4 5 |  5.6
Translocations | 1 2 3 4 5 |  5.6
Transmutations | 1 2 3 4 5 |  5.6
Fire Magic     | 1 2 3 4 5 |  5.6
Ice Magic      | 1 2 3 4 5 |  5.6
Air Magic      | 1 2 3 4 5 |  5.6
Earth Magic    | 1 2 3 4 5 |  5.6
Poison Magic   | 1 2 3 4 5 |  5.6
Fighting       | 3 4 5 6 7 |  7.3
Crossbows      | 5 6 7 8 |  8.3
Dodging        | 5 6 7 8 |  8.3
Hexes          | 6 7 8 |  8.0

Action                   |  1- 3 |  4- 6 |  7- 9 | 10-12 || total
-------------------------+-------+-------+-------+-------++-------
Melee: Hand crossbow     |       |       |     1 |       ||     1
       Hand axe          |       |       |       |   281 ||   281
       Bite              |       |       |       |    54 ||    54
 Fire: Hand crossbow     |    48 |   148 |   379 |   220 ||   795
 Cast: Corona            |     1 |       |     2 |     1 ||     4
       Slow              |       |     5 |    15 |    15 ||    35
       Leda's Liquefacti |       |       |       |     2 ||     2
Invok: Heroism           |       |       |     2 |     9 ||    11
       Finesse           |       |       |       |     3 ||     3
  Use: Scroll            |       |       |    10 |     1 ||    11
       Potion            |       |       |     2 |     3 ||     5
 Stab: Sleeping          |       |       |       |    10 ||    10
Armor: Robe              |     1 |     8 |     8 |       ||    17
       Steam dragon scal |       |       |     3 |    55 ||    58
Dodge: Dodged            |    14 |    50 |   127 |   198 ||   389
Block: Buckler           |       |       |    97 |   197 ||   294
       Reflection        |       |       |     5 |     7 ||    12

Table legend: (Time is in decaauts)
 A = Elapsed time spent in this place.
 B = Non-inter-level travel time spent in this place.
 C = Inter-level travel time spent in this place.
 D = Time resting spent in this place.
 E = Time spent auto-exploring this place.
 F = Levels seen in this place.
 G = Mean time per level.
                   A        B        C        D        E       F      G
               +--------+--------+--------+--------+--------+-----+--------+
         Total |  13569 |  13053 |    516 |    226 |  10621 |  11 | 1233.5 |
       Dungeon |  13569 |  13053 |    516 |    226 |  10621 |  11 | 1233.5 |
               +--------+--------+--------+--------+--------+-----+--------+

Top non-repeatable levels by time:
    D:10: 2589 daAuts
     D:8: 2110 daAuts
     D:6: 1924 daAuts
     D:5: 1618 daAuts
     D:7: 1283 daAuts
     D:3: 1082 daAuts
     D:4: 900 daAuts
     D:1: 674 daAuts
     D:9: 628 daAuts
     D:2: 585 daAuts
    D:11: 171 daAuts
